[Event "American Continental-ch 2018"]
[Site "Montevideo"]
[Date "2018.06.03"]
[Round "3"]
[White "Ruiz Castillo, Joshua Daniel"]
[Black "Guerrero, Alvaro"]
[Result "1-0"]
[ECO "B12"]
[WhiteElo "2378"]
[BlackElo "2116"]
[Annotator "NA"]
[PlyCount "43"]
[EventDate "2018.??.??"]
[EventType "swiss"]
[EventCountry "URU"]
[SourceTitle "playchess.com"]
[Source "ChessBase"]
[SourceQuality "1"]
[TimeControl "40/5400+30:1800+30"]

1. e4 c6 2. d4 d5 3. e5 Bf5 4. h4 h5 5. c4 e6 6. Nc3 Ne7 7. Nge2 dxc4 8. Ng3 Nd7 9. Bxc4 Bg6 10. O-O Nf5 11. Bg5 Be7 12. Nce4 Nxh4 13. Nd6+ Kf8 14. Nxb7 Qe8 15. Bxe7+ Qxe7 16. Nd6 Nb6 17. Ba6 Rd8 18. Rc1 Qg5 19. Rxc6 Nd5 20. Qc1 Nf4 21. Rc8 Nhxg2 22. Qc7 1-0

[Event "American Continental-ch 2018"]
[Site "Montevideo"]
[Date "2018.06.03"]
[Round "3"]
[White "Foisor, Sabina-Francesca"]
[Black "Tregarthen, Emiliano"]
[Result "1-0"]
[ECO "E11"]
[WhiteElo "2301"]
[BlackElo "2083"]
[Annotator "NA"]
[PlyCount "95"]
[EventDate "2018.??.??"]
[EventType "swiss"]
[EventCountry "URU"]
[SourceTitle "playchess.com"]
[Source "ChessBase"]
[SourceQuality "1"]
[TimeControl "40/5400+30:1800+30"]

1. d4 Nf6 2. c4 e6 3. Nf3 Bb4+ 4. Bd2 Bxd2+ 5. Qxd2 d6 6. Nc3 O-O 7. g3 Nbd7 8. Bg2 Re8 9. O-O c6 10. Rad1 Qe7 11. b4 d5 12. c5 e5 13. Nh4 Nf8 14. dxe5 Qxe5 15. Nf3 Qh5 16. Rfe1 Bh3 17. Bh1 Ng6 18. Qg5 Qxg5 19. Nxg5 Bf5 20. e4 dxe4 21. Ngxe4 Nxe4 22. Bxe4 Bxe4 23. Nxe4 a5 24. a3 Ne5 25. Kg2 Nc4 26. bxa5 h6 27. h4 Nxa5 28. Nd6 Rxe1 29. Rxe1 Nb3 30. Nxb7 Rxa3 31. Re3 g6 32. h5 Kg7 33. Nd6 gxh5 34. Rf3 Ra5 35. Rxb3 Rxc5 36. Rb7 h4 37. gxh4 Rd5 38. Nxf7 Kg6 39. Kg3 Rd3+ 40. f3 Rd5 41. Rd7 Rf5 42. Nd6 Rd5 43. Nc4 Rxd7 44. Ne5+ Kf5 45. Nxd7 Ke6 46. Nb6 Kf5 47. Nc4 c5 48. f4 1-0

[Event "American Continental-ch 2018"]
[Site "Montevideo"]
[Date "2018.06.03"]
[Round "3"]
[White "Muniz, Rafael"]
[Black "Medrano, Mario"]
[Result "1-0"]
[ECO "B80"]
[WhiteElo "2290"]
[BlackElo "2073"]
[Annotator "NA"]
[PlyCount "97"]
[EventDate "2018.??.??"]
[EventType "swiss"]
[EventCountry "URU"]
[SourceTitle "playchess.com"]
[Source "ChessBase"]
[SourceQuality "1"]
[TimeControl "40/5400+30:1800+30"]

1. e4 e6 2. Nf3 c5 3. d4 cxd4 4. Nxd4 Nf6 5. Nc3 d6 6. g3 Be7 7. Bg2 a6 8. O-O Qc7 9. Re1 O-O 10. g4 Nc6 11. Nxc6 bxc6 12. g5 Nd7 13. f4 d5 14. Kh1 Re8 15. f5 Bb7 16. Rf1 exf5 17. exd5 Bd6 18. Rxf5 Nb6 19. Ne4 cxd5 20. Nxd6 Qxd6 21. Rf1 Qd7 22. Qd4 Qc6 23. b3 Re2 24. Bb2 Qg6 25. Rf2 Rae8 26. Raf1 Rxf2 27. Qxf2 Re7 28. Bd4 Nc8 29. c3 Nd6 30. Qg3 Re8 31. Bh3 Qe4+ 32. Kg1 Nb5 33. Qf2 Qg6 34. Qf5 Nxd4 35. cxd4 Re4 36. Rc1 Qxf5 37. Bxf5 Rxd4 38. Rc7 Rb4 39. Bc8 Ba8 40. Bxa6 Rb8 41. Rc8+ Rxc8 42. Bxc8 Kf8 43. Kf2 Ke7 44. Ke3 Kd6 45. Kd4 h6 46. gxh6 gxh6 47. a4 Kc7 48. Bg4 Kb6 49. Bf3 1-0

[Event "American Continental-ch 2018"]
[Site "Montevideo"]
[Date "2018.06.03"]
[Round "3"]
[White "Markzon, Gregory"]
[Black "Pierrot, Facundo"]
[Result "0-1"]
[ECO "D10"]
[WhiteElo "2144"]
[BlackElo "2392"]
[Annotator "NA"]
[PlyCount "96"]
[EventDate "2018.??.??"]
[EventType "swiss"]
[EventCountry "URU"]
[SourceTitle "playchess.com"]
[Source "ChessBase"]
[SourceQuality "1"]
[TimeControl "40/5400+30:1800+30"]

1. d4 d5 2. c4 c6 3. Nc3 Nf6 4. Bg5 dxc4 5. e4 b5 6. e5 Nd5 7. Nf3 g6 8. Be2 Bg7 9. O-O O-O 10. Qd2 Be6 11. Ne4 Nd7 12. Bh6 Bf5 13. Ng3 e6 14. Bxg7 Kxg7 15. Ng5 Qe7 16. Nxf5+ exf5 17. a4 a6 18. Bf3 h6 19. Nh3 N7b6 20. a5 c3 21. bxc3 Nc4 22. Qc2 Qh4 23. Rfe1 Rfe8 24. Qc1 Rad8 25. Bxd5 cxd5 26. Nf4 Qe7 27. Ra2 b4 28. cxb4 Qxb4 29. Rae2 Qa3 30. Qxa3 Nxa3 31. h4 Nc4 32. e6 Rd6 33. e7 Rd7 34. Nd3 Nxa5 35. Nc5 Ra7 36. Ra2 Nc4 37. Rxa6 Raxe7 38. Rxe7 Rxe7 39. g3 g5 40. hxg5 hxg5 41. Ra1 Re2 42. Rd1 Nd2 43. Nd3 Ne4 44. Kg2 f6 45. Kg1 Kg6 46. Kg2 Rc2 47. Kg1 Nc3 48. Kg2 Nxd1 0-1

[Event "American Continental-ch 2018"]
[Site "Montevideo"]
[Date "2018.06.03"]
[Round "3"]
[White "Santos Filho, Tadeu Sousa"]
[Black "Lujan, Carolina"]
[Result "1/2-1/2"]
[ECO "B23"]
[WhiteElo "2096"]
[BlackElo "2341"]
[Annotator "NA"]
[PlyCount "65"]
[EventDate "2018.??.??"]
[EventType "swiss"]
[EventCountry "URU"]
[SourceTitle "playchess.com"]
[Source "ChessBase"]
[SourceQuality "1"]
[TimeControl "40/5400+30:1800+30"]

1. e4 c5 2. Nc3 a6 3. Nge2 e6 4. g3 b5 5. a3 Bb7 6. Bg2 Nc6 7. O-O d6 8. d3 Nf6 9. h3 Be7 10. Bg5 Nxe4 11. Bxe7 Nxc3 12. Bxd8 Nxd1 13. Bc7 Nxb2 14. Bxd6 Na4 15. Bxc6+ Bxc6 16. d4 c4 17. f3 O-O-O 18. Bf4 f6 19. Bd2 Rd7 20. Ba5 e5 21. dxe5 Re8 22. Kf2 Rxe5 23. Rad1 c3 24. Rxd7 Bxd7 25. Rd1 Bxh3 26. g4 h5 27. Rd8+ Kb7 28. Rd7+ Kc6 29. Rxg7 hxg4 30. fxg4 Re4 31. Kf3 Bg2+ 32. Kf2 Bh3 33. Kf3 1/2-1/2

[Event "American Continental-ch 2018"]
[Site "Montevideo"]
[Date "2018.06.03"]
[Round "3"]
[White "Cervantes Landeiro, Thalia"]
[Black "Aranha Filho, Alvaro Z"]
[Result "1-0"]
[ECO "E21"]
[WhiteElo "2087"]
[BlackElo "2304"]
[Annotator "NA"]
[PlyCount "87"]
[EventDate "2018.??.??"]
[EventType "swiss"]
[EventCountry "URU"]
[SourceTitle "playchess.com"]
[Source "ChessBase"]
[SourceQuality "1"]
[TimeControl "40/5400+30:1800+30"]

1. d4 Nf6 2. c4 e6 3. Nc3 Bb4 4. Nf3 d5 5. cxd5 exd5 6. Bg5 h6 7. Bh4 Bf5 8. Qb3 Nc6 9. e3 O-O 10. Bb5 g5 11. Bg3 Bd6 12. O-O Bxg3 13. hxg3 Ne7 14. Ne5 c6 15. Be2 Rb8 16. f3 Kg7 17. g4 Bh7 18. Nd1 Ne8 19. Nf2 Nd6 20. Nh1 f6 21. Nd3 Bg6 22. Nc5 Bf7 23. Ng3 b6 24. Nh5+ Kh8 25. Na6 Bxh5 26. Nxb8 Bf7 27. Na6 Nc4 28. Qc3 Ng6 29. b3 Nd6 30. Nb4 a5 31. Nxc6 Qd7 32. a4 Re8 33. Bb5 Nh4 34. Ne5 Nxb5 35. Nxf7+ Qxf7 36. axb5 Qe6 37. Rac1 Qxe3+ 38. Qxe3 Rxe3 39. Rc8+ Kg7 40. Rfc1 f5 41. R1c7+ Kf6 42. Rf8+ Kg6 43. gxf5+ Nxf5 44. Rc6+ 1-0

[Event "American Continental-ch 2018"]
[Site "Montevideo"]
[Date "2018.06.03"]
[Round "3"]
[White "Sauvageot Ledezma, Diego"]
[Black "Grabinsky, Aaron"]
[Result "0-1"]
[ECO "E21"]
[WhiteElo "2084"]
[BlackElo "2296"]
[Annotator "NA"]
[PlyCount "88"]
[EventDate "2018.??.??"]
[EventType "swiss"]
[EventCountry "URU"]
[SourceTitle "playchess.com"]
[Source "ChessBase"]
[SourceQuality "1"]
[TimeControl "40/5400+30:1800+30"]

1. d4 Nf6 2. c4 e6 3. Nc3 Bb4 4. Nf3 c5 5. g3 Nc6 6. Bg2 d6 7. O-O Bxc3 8. bxc3 O-O 9. Bg5 h6 10. Bxf6 Qxf6 11. Rb1 Rb8 12. Nd2 Na5 13. Ne4 Qe7 14. dxc5 dxc5 15. Qd6 Qxd6 16. Nxd6 b6 17. Rfd1 Ba6 18. Nb5 Bxb5 19. cxb5 Rfd8 20. Kf1 Nc4 21. Ke1 Na3 22. Rb2 Rxd1+ 23. Kxd1 Rd8+ 24. Rd2 Rxd2+ 25. Kxd2 Nxb5 26. Kd3 Nd6 27. Bc6 e5 28. Bd5 Kf8 29. f4 exf4 30. gxf4 g5 31. e3 Ke7 32. Bf3 Ke6 33. Bg4+ f5 34. Bf3 g4 35. Bc6 h5 36. c4 h4 37. Bd5+ Kf6 38. Bg2 h3 39. Bh1 Ne4 40. Kc2 g3 41. hxg3 Nxg3 42. Bf3 h2 43. Kd3 h1=Q 44. Bxh1 Nxh1 0-1

[Event "American Continental-ch 2018"]
[Site "Montevideo"]
[Date "2018.06.03"]
[Round "4"]
[White "Santarius, Erik"]
[Black "Curi, Gabriel"]
[Result "1-0"]
[ECO "D10"]
[WhiteElo "2387"]
[BlackElo "2141"]
[Annotator "RC"]
[PlyCount "73"]
[EventDate "2018.??.??"]
[EventType "swiss"]
[EventCountry "URU"]
[SourceTitle "playchess.com"]
[Source "ChessBase"]
[SourceQuality "1"]
[TimeControl "40/5400+30:1800+30"]

1. d4 d5 2. c4 c6 3. cxd5 cxd5 4. Bf4 Nc6 5. e3 Nf6 6. Nc3 Bf5 7. Qb3 Na5 8. Qa4+ Bd7 9. Qc2 Rc8 10. Bd3 e6 11. Nf3 Bb4 12. O-O O-O 13. a3 Bxc3 14. bxc3 Ne4 15. Bxe4 dxe4 16. Qxe4 Bc6 17. Qd3 Qd5 18. Rfe1 f5 19. h3 Rf6 20. Kh2 Nc4 21. Rg1 Rg6 22. Qe2 h6 23. Bg3 Kh7 24. a4 a5 25. Ne1 Rf6 26. Nd3 g5 27. f3 b6 28. Rgf1 Qd7 29. Ne5 Nxe5 30. Bxe5 Rf7 31. Rfb1 Bxa4 32. Rxb6 Ra8 33. Qc4 Bc2 34. Rd6 Qe8 35. Rxe6 Re7 36. Rxe7+ Qxe7 37. Rc1 1-0

[Event "American Continental-ch 2018"]
[Site "Montevideo"]
[Date "2018.06.03"]
[Round "4"]
[White "Grabinsky, Aaron"]
[Black "Torella, Rodolfo"]
[Result "1-0"]
[ECO "B01"]
[WhiteElo "2296"]
[BlackElo "2016"]
[Annotator "RC"]
[PlyCount "83"]
[EventDate "2018.??.??"]
[EventType "swiss"]
[EventCountry "URU"]
[SourceTitle "playchess.com"]
[Source "ChessBase"]
[SourceQuality "1"]
[TimeControl "40/5400+30:1800+30"]

1. e4 d5 2. Nc3 dxe4 3. Nxe4 Bf5 4. Ng3 Bg6 5. Nf3 Nf6 6. Ne5 e6 7. d4 Nbd7 8. Nxg6 hxg6 9. Bd3 Bd6 10. Qf3 c6 11. Be3 Qa5+ 12. c3 Qd5 13. Ne4 Nxe4 14. Bxe4 Qh5 15. O-O-O Qxf3 16. Bxf3 Nb6 17. Kc2 Nd5 18. Bc1 O-O-O 19. h4 b5 20. g3 Kc7 21. Bg2 a6 22. Rd3 Rh5 23. Bf3 Rhh8 24. a3 Nb6 25. b3 c5 26. dxc5 Bxc5 27. Bf4+ Kc8 28. Rhd1 Rxd3 29. Rxd3 Be7 30. Be3 Nd7 31. Bb7+ Kc7 32. Bxa6 Rb8 33. b4 f6 34. f4 Kc6 35. c4 bxc4 36. Bxc4 e5 37. Be6 Nb6 38. fxe5 fxe5 39. Bf7 Bf6 40. Bxg6 Kb5 41. Kb3 Rc8 42. Rd6 1-0

[Event "American Continental-ch 2018"]
[Site "Montevideo"]
[Date "2018.06.05"]
[Round "6"]
[White "Cerda Albornoz, Guillermo"]
[Black "Ruiz Castillo, Joshua Daniel"]
[Result "0-1"]
[ECO "A46"]
[WhiteElo "2195"]
[BlackElo "2378"]
[Annotator "ChessBase"]
[PlyCount "140"]
[EventDate "2018.??.??"]
[EventType "swiss"]
[EventCountry "URU"]
[SourceTitle "playchess.com"]
[Source "ChessBase"]
[SourceQuality "1"]
[TimeControl "40/5400+30:1800+30"]

1. d4 Nf6 2. Nf3 e6 3. e3 c5 4. c4 cxd4 5. exd4 d5 6. Nc3 Bb4 7. cxd5 Nxd5 8. Bd2 O-O 9. Bd3 Nc6 10. O-O Be7 11. Rc1 Nf6 12. Be3 Nb4 13. Bb1 b6 14. Ne5 Bb7 15. a3 Nbd5 16. Ba2 Rc8 17. Nxd5 Bxd5 18. Rxc8 Qxc8 19. Bxd5 Nxd5 20. Qa4 Qb7 21. Bd2 b5 22. Qb3 Rc8 23. Rc1 a6 24. h3 Rxc1+ 25. Bxc1 Qc7 26. Bd2 Bd6 27. Nf3 Qc6 28. Ne5 Qc7 29. Nf3 Nb6 30. Kf1 h6 31. Qd3 Na4 32. b3 Nb6 33. a4 bxa4 34. bxa4 Qc4 35. Qxc4 Nxc4 36. Ke2 Kf8 37. Bc3 Nb6 38. a5 Nd5 39. Bd2 Ke7 40. Ne5 f6 41. Ng6+ Kf7 42. Nh8+ Ke8 43. Ng6 Kf7 44. Nh8+ Kg8 45. Ng6 Kh7 46. Nh4 g5 47. Nf3 Kg6 48. g3 Kf7 49. Kd3 Ke7 50. Kc4 Kd7 51. h4 Kc6 52. hxg5 hxg5 53. Nh2 Bc7 54. Nf3 Ne7 55. Ne1 Nf5 56. Nd3 Nd6+ 57. Kb3 Ne4 58. Be1 Kb5 59. f3 Nxg3 60. Nc5 Nf5 61. Nxe6 Bxa5 62. Bxa5 Kxa5 63. Kc4 Nh4 64. f4 g4 65. d5 Kb6 66. Kd3 a5 67. Ke2 Nf5 68. Nf8 Kc7 69. Nh7 a4 70. d6+ Kd8 0-1

[Event "American Continental-ch 2018"]
[Site "Montevideo"]
[Date "2018.06.07"]
[Round "7"]
[White "Varacalli, Francisco"]
[Black "Saralegui, Mario"]
[Result "1-0"]
[ECO "C55"]
[WhiteElo "2312"]
[BlackElo "2069"]
[Annotator "RC"]
[PlyCount "83"]
[EventDate "2018.??.??"]
[EventType "swiss"]
[EventCountry "URU"]
[SourceTitle "playchess.com"]
[Source "ChessBase"]
[SourceQuality "1"]
[TimeControl "40/5400+30:1800+30"]

1. e4 e5 2. Nf3 Nc6 3. Bc4 Nf6 4. d3 Be7 5. Bb3 d6 6. c3 O-O 7. O-O Na5 8. Bc2 c5 9. Re1 Nc6 10. Nbd2 Re8 11. Nf1 Be6 12. h3 h6 13. Ng3 Bf8 14. d4 cxd4 15. cxd4 Bd7 16. d5 Nb4 17. Bb1 a5 18. a3 Na6 19. Bc2 Nc5 20. b3 Rc8 21. b4 axb4 22. axb4 Na6 23. Bd2 g6 24. Bd3 Ra8 25. Be3 Nc7 26. Qe2 Qe7 27. Ra5 Rxa5 28. bxa5 Ncxd5 29. exd5 e4 30. Qb2 exf3 31. Qxb7 Qd8 32. Ra1 fxg2 33. a6 Bc8 34. Qb3 Qd7 35. Be2 Qxh3 36. Bf3 Bxa6 37. Rxa6 Ng4 38. Bxg4 Qxg4 39. Kxg2 h5 40. Qa4 Qc8 41. Ra7 h4 42. Qxh4 1-0

[Event "American Continental-ch 2018"]
[Site "Montevideo"]
[Date "2018.06.07"]
[Round "7"]
[White "Arias Bouzada, Jorge"]
[Black "Lujan, Carolina"]
[Result "1/2-1/2"]
[ECO "A25"]
[WhiteElo "2097"]
[BlackElo "2341"]
[Annotator "RC"]
[PlyCount "81"]
[EventDate "2018.??.??"]
[EventType "swiss"]
[EventCountry "URU"]
[SourceTitle "playchess.com"]
[Source "ChessBase"]
[SourceQuality "1"]
[TimeControl "40/5400+30:1800+30"]

1. c4 e5 2. Nc3 Nc6 3. g3 g6 4. Bg2 Bg7 5. e3 d6 6. Nge2 Nf6 7. d4 exd4 8. Nxd4 Bd7 9. b3 O-O 10. Bb2 Ne5 11. O-O Bg4 12. f3 Bd7 13. Qd2 a6 14. f4 Nc6 15. Nxc6 Bxc6 16. e4 Nd7 17. Rac1 a5 18. Nd5 f6 19. Rfd1 Nc5 20. Bc3 b6 21. Qb2 Bxd5 22. cxd5 Re8 23. Qc2 Re7 24. Bd4 Qd7 25. Bxc5 bxc5 26. Qc4 Ree8 27. Qf1 Qe7 28. Re1 Reb8 29. Rc4 Rb4 30. Bh3 Rab8 31. Be6+ Kh8 32. f5 Bh6 33. Rxb4 axb4 34. Qa6 Qd8 35. Re2 Qe8 36. Kf2 Rb6 37. Qa7 Qd8 38. Qa4 Rb8 39. Qd7 Qxd7 40. Bxd7 Kg7 41. Rc2 1/2-1/2

[Event "American Continental-ch 2018"]
[Site "Montevideo"]
[Date "2018.06.07"]
[Round "8"]
[White "Lujan, Carolina"]
[Black "Borges, Guilherme Deola"]
[Result "1-0"]
[ECO "B23"]
[WhiteElo "2341"]
[BlackElo "2219"]
[Annotator "RC"]
[PlyCount "73"]
[EventDate "2018.??.??"]
[EventType "swiss"]
[EventCountry "URU"]
[SourceTitle "playchess.com"]
[Source "ChessBase"]
[SourceQuality "1"]
[TimeControl "40/5400+30:1800+30"]

1. e4 c5 2. Ne2 Nc6 3. Nbc3 e6 4. g3 a6 5. Bg2 d6 6. O-O Nf6 7. d3 Be7 8. h3 Qc7 9. Be3 b5 10. f4 Bb7 11. a3 O-O 12. g4 b4 13. Na4 Nd7 14. g5 Nd8 15. Ng3 f5 16. Qe2 Bc6 17. exf5 exf5 18. axb4 cxb4 19. Bd4 Bxg2 20. Qxg2 Qb7 21. Qe2 Nc6 22. Qe6+ Kh8 23. Qd5 Nc5 24. Bxc5 dxc5 25. Nxf5 Rad8 26. Qe4 Rxf5 27. Qxf5 Nd4 28. Qe4 Qd7 29. Qg2 b3 30. cxb3 Nxb3 31. Rae1 Bf8 32. Nc3 c4 33. dxc4 Nd2 34. Rd1 Bc5+ 35. Kh1 Be3 36. Ne4 Qf5 37. Nxd2 1-0

[Event "American Continental-ch 2018"]
[Site "Montevideo"]
[Date "2018.06.07"]
[Round "8"]
[White "Cabrera Pando, Ramiro"]
[Black "Kimelman, Gabriel"]
[Result "1-0"]
[ECO "E21"]
[WhiteElo "2196"]
[BlackElo "2279"]
[Annotator "NA"]
[PlyCount "36"]
[EventDate "2018.??.??"]
[EventType "swiss"]
[EventCountry "URU"]
[SourceTitle "playchess.com"]
[Source "ChessBase"]
[SourceQuality "1"]
[TimeControl "40/5400+30:1800+30"]

1. d4 e6 2. c4 Nf6 3. Nc3 Bb4 4. Nf3 b6 5. Bg5 Bb7 6. e3 h6 7. Bh4 g5 8. Bg3 Ne4 9. Nd2 Nxg3 10. hxg3 Bxc3 11. bxc3 Qe7 12. f3 d6 13. Bd3 Nd7 14. Qc2 h5 15. O-O-O O-O-O 16. Rh2 Rh7 17. Rdh1 Rdh8 18. Nf1 $2 (18. Bxh7 $18 Nf6 19. Bd3) 18... e5 $18 (18... f5 $15 {stays ahead.}) 1-0

[Event "American Continental-ch 2018"]
[Site "Montevideo"]
[Date "2018.06.10"]
[Round "11"]
[White "Bick, Gabriel"]
[Black "Mesias Rojas, Rabindranath"]
[Result "1-0"]
[ECO "B29"]
[WhiteElo "2391"]
[BlackElo "2203"]
[Annotator "NA"]
[PlyCount "61"]
[EventDate "2018.??.??"]
[EventType "swiss"]
[EventCountry "URU"]
[SourceTitle "playchess.com"]
[Source "ChessBase"]
[SourceQuality "1"]
[TimeControl "40/5400+30:1800+30"]

1. e4 c5 2. Nf3 Nf6 3. e5 Nd5 4. Nc3 Nxc3 5. dxc3 Nc6 6. Bf4 Qb6 7. Qc1 e6 8. Be2 Be7 9. h4 h6 10. Rh3 Qc7 11. Rg3 Bf8 12. Qe3 b6 13. c4 Bb7 14. h5 O-O-O 15. O-O-O Na5 16. b3 Nc6 17. Kb2 g5 18. hxg6 fxg6 19. Rxg6 Ne7 20. Rf6 Nf5 21. Rxf5 exf5 22. Nh4 Bg7 23. Kc1 d6 24. exd6 Qf7 25. Bd3 Qf6 26. Nxf5 Qb2+ 27. Kd2 Kb8 28. Nxg7 Qxg7 29. Be5 Qxg2 30. d7+ Ka8 31. Bxh8 1-0

[Event "American Continental-ch 2018"]
[Site "Montevideo"]
[Date "2018.06.10"]
[Round "11"]
[White "Ruiz Castillo, Joshua Daniel"]
[Black "Januario, Severino Pereira"]
[Result "1/2-1/2"]
[ECO "C11"]
[WhiteElo "2378"]
[BlackElo "2175"]
[Annotator "NA"]
[PlyCount "90"]
[EventDate "2018.??.??"]
[EventType "swiss"]
[EventCountry "URU"]
[SourceTitle "playchess.com"]
[Source "ChessBase"]
[SourceQuality "1"]
[TimeControl "40/5400+30:1800+30"]

1. e4 e6 2. d4 d5 3. Nc3 Nf6 4. e5 Nfd7 5. f4 c5 6. Nf3 Nc6 7. Be3 a6 8. Qd2 b5 9. Bd3 Qb6 10. dxc5 Bxc5 11. Bxc5 Nxc5 12. Qf2 b4 13. Ne2 a5 14. O-O Ba6 15. Kh1 Bxd3 16. cxd3 Nd7 17. Rac1 Ra6 18. d4 O-O 19. f5 exf5 20. Ng5 Ne7 21. Nxh7 Re8 22. Ng5 Qh6 23. Nh3 Nf8 24. Ng3 g6 25. Qe2 Raa8 26. Nf4 Rec8 27. e6 fxe6 28. Rxc8 Rxc8 29. Nxe6 Rc1 30. Kg1 Nxe6 31. Qxe6+ Kf8 32. b3 Qf4 33. Rxc1 Qxc1+ 34. Nf1 Qb2 35. Qe3 Qxa2 36. Nd2 a4 37. bxa4 Qxa4 38. Kf2 Qc2 39. Ke1 Qc1+ 40. Ke2 Nc6 41. Qh6+ Kf7 42. Qh7+ Kf6 43. Qh8+ Kf7 44. Qh7+ Kf6 45. Qh8+ Kf7 1/2-1/2

[Event "American Continental-ch 2018"]
[Site "Montevideo"]
[Date "2018.06.10"]
[Round "11"]
[White "Varacalli, Francisco"]
[Black "Cabrera Pando, Ramiro"]
[Result "1/2-1/2"]
[ECO "B42"]
[WhiteElo "2312"]
[BlackElo "2196"]
[Annotator "NA"]
[PlyCount "65"]
[EventDate "2018.??.??"]
[EventType "swiss"]
[EventCountry "URU"]
[SourceTitle "playchess.com"]
[Source "ChessBase"]
[SourceQuality "1"]
[TimeControl "40/5400+30:1800+30"]

1. e4 c5 2. Nf3 e6 3. d4 cxd4 4. Nxd4 a6 5. Bd3 g6 6. f4 Bg7 7. c3 Ne7 8. Be3 Nbc6 9. Nxc6 Nxc6 10. Nd2 d5 11. e5 O-O 12. Nf3 f6 13. exf6 Bxf6 14. O-O e5 15. fxe5 Nxe5 16. Nxe5 Bxe5 17. Rxf8+ Qxf8 18. Bxg6 Qd6 19. Bxh7+ Kxh7 20. Qh5+ Kg8 21. Qe8+ Kh7 22. Rf1 Qe6 23. Rf7+ Bg7 24. Re7 Qg6 25. Qa4 Bg4 26. Bd4 Rg8 27. Rxg7+ Rxg7 28. Bxg7 Kxg7 29. Qd4+ Kh6 30. Qxd5 Qb1+ 31. Kf2 Qxb2+ 32. Kg3 Bh5 33. Qd6+ 1/2-1/2

[Event "American Continental-ch 2018"]
[Site "Montevideo"]
[Date "2018.06.10"]
[Round "11"]
[White "Grabinsky, Aaron"]
[Black "Madeira, Wagner Martins"]
[Result "1-0"]
[ECO "B06"]
[WhiteElo "2296"]
[BlackElo "2171"]
[Annotator "NA"]
[PlyCount "73"]
[EventDate "2018.??.??"]
[EventType "swiss"]
[EventCountry "URU"]
[SourceTitle "playchess.com"]
[Source "ChessBase"]
[SourceQuality "1"]
[TimeControl "40/5400+30:1800+30"]

1. e4 g6 2. Nc3 Bg7 3. d4 d6 4. Be3 Nf6 5. f3 c6 6. Qd2 b5 7. Bh6 Bxh6 8. Qxh6 e5 9. O-O-O Nbd7 10. Nh3 a6 11. Kb1 Bb7 12. g4 Qe7 13. Qe3 O-O-O 14. Nf2 Kb8 15. Bg2 c5 16. d5 Nb6 17. Rdf1 Nfd7 18. h4 f5 19. Qg5 Qf6 20. gxf5 gxf5 21. Bh3 f4 22. Ng4 Qxg5 23. hxg5 Rdg8 24. Nh6 Rg7 25. Be6 Nf8 26. Nf5 Nxe6 27. dxe6 Rg6 28. Nxd6 Rxe6 29. Nf7 Rg8 30. Rxh7 Nc4 31. Rd1 Re7 32. b3 Ne3 33. Rd6 b4 34. Na4 Bxe4 35. fxe4 f3 36. Rf6 Rxf7 37. Rfxf7 1-0

[Event "American Continental-ch 2018"]
[Site "Montevideo"]
[Date "2018.06.10"]
[Round "11"]
[White "Jodorcovsky Werjivker, Paulo"]
[Black "Soto Vega, Jorge"]
[Result "0-1"]
[ECO "E92"]
[WhiteElo "2249"]
[BlackElo "2357"]
[Annotator "NA"]
[PlyCount "106"]
[EventDate "2018.??.??"]
[EventType "swiss"]
[EventCountry "URU"]
[SourceTitle "playchess.com"]
[Source "ChessBase"]
[SourceQuality "1"]
[TimeControl "40/5400+30:1800+30"]

1. d4 Nf6 2. c4 g6 3. Nc3 Bg7 4. e4 d6 5. Nf3 O-O 6. Be2 e5 7. dxe5 dxe5 8. Qxd8 Rxd8 9. Bg5 c6 10. Nxe5 Re8 11. f4 h6 12. Bh4 Nh7 13. O-O-O Bxe5 14. fxe5 Nd7 15. e6 fxe6 16. Bg3 e5 17. Rd6 Nhf6 18. Rf1 Kg7 19. b4 Re7 20. Kb2 Ne8 21. Rd2 Ndf6 22. c5 Bg4 23. Bc4 Nh5 24. Bf2 Nf4 25. Be3 Be6 26. Bxe6 Nxe6 27. Rfd1 Nf6 28. h3 a5 29. a3 axb4 30. axb4 Nh5 31. Rd7 Rae8 32. R1d6 Nef4 33. Rd2 Nf6 34. R7d6 h5 35. Rf2 Ne6 36. b5 Rd7 37. Bg5 Nxg5 38. Rfxf6 Rxd6 39. Rxd6 Nf7 40. Rd7 Rb8 41. b6 Kf6 42. Kb3 Ng5 43. Rd6+ Kf7 44. Rd7+ Kf8 45. h4 Ne6 46. Kb4 Rd8 47. Rxb7 Rd4+ 48. Ka3 Nxc5 49. Rb8+ Ke7 50. b7 Rd7 51. Re8+ Kxe8 52. b8=Q+ Kf7 53. Qxe5 Ra7+ 0-1

[Event "American Continental-ch 2018"]
[Site "Montevideo"]
[Date "2018.06.10"]
[Round "11"]
[White "Benoit, Rodrigo"]
[Black "De Dovitiis, Alejo"]
[Result "0-1"]
[ECO "B08"]
[WhiteElo "2238"]
[BlackElo "2343"]
[Annotator "NA"]
[PlyCount "130"]
[EventDate "2018.??.??"]
[EventType "swiss"]
[EventCountry "URU"]
[SourceTitle "playchess.com"]
[Source "ChessBase"]
[SourceQuality "1"]
[TimeControl "40/5400+30:1800+30"]

1. d4 Nf6 2. Nf3 d6 3. Nc3 g6 4. e4 Bg7 5. Be2 O-O 6. O-O c5 7. h3 cxd4 8. Nxd4 Nc6 9. Be3 Bd7 10. Nb3 a5 11. a3 a4 12. Nd2 Be6 13. Nc4 Bxc4 14. Bxc4 e6 15. f3 Ra5 16. Bf2 d5 17. exd5 Nxd5 18. Bxd5 exd5 19. Re1 d4 20. Na2 Rb5 21. Rb1 Qb6 22. b3 axb3 23. cxb3 Qa6 24. a4 Rf5 25. Nc1 Nb4 26. Qd2 Qd6 27. Re4 Rc8 28. Nd3 Nxd3 29. Qxd3 h5 30. Rd1 Rd5 31. Be1 Qb6 32. Kh1 Bf6 33. Bd2 Kg7 34. Rc1 Rdc5 35. Ree1 h4 36. Rxc5 Qxc5 37. Qf1 Qa3 38. Qb5 Qb2 39. Bf4 Qc3 40. Rd1 Qc2 41. Qd3 g5 42. Qxc2 Rxc2 43. Bd2 Kg6 44. Kg1 Kf5 45. Kf1 Rb2 46. b4 Be5 47. b5 f6 48. Ke2 Ra2 49. a5 Bf4 50. a6 bxa6 51. bxa6 Be5 52. Rb1 Rxa6 53. Kd3 Ra3+ 54. Kc4 Ra2 55. Kd3 Ke6 56. Rd1 Kd5 57. Rb1 Ra3+ 58. Ke2 d3+ 59. Kd1 Bd6 60. Rc1 Kd4 61. Rb1 Ra2 62. Ke1 Bf4 63. Bxf4 gxf4 64. Rb8 Rxg2 65. Rd8+ Ke3 0-1

[Event "American Continental-ch 2018"]
[Site "Montevideo"]
[Date "2018.06.10"]
[Round "11"]
[White "Donoso Diaz, Sebastian"]
[Black "Pierrot, Facundo"]
[Result "0-1"]
[ECO "D85"]
[WhiteElo "2184"]
[BlackElo "2392"]
[Annotator "NA"]
[PlyCount "71"]
[EventDate "2018.??.??"]
[EventType "swiss"]
[EventCountry "URU"]
[SourceTitle "playchess.com"]
[Source "ChessBase"]
[SourceQuality "1"]
[TimeControl "40/5400+30:1800+30"]

1. d4 Nf6 2. c4 g6 3. Nc3 d5 4. cxd5 Nxd5 5. Bd2 Bg7 6. Nf3 c5 7. Nxd5 Qxd5 8. Rc1 O-O 9. Rxc5 Qxa2 10. Qc2 Qa1+ 11. Qc1 Qxc1+ 12. Rxc1 Nc6 13. e3 Rd8 14. b4 a6 15. Bc4 Bd7 16. Ke2 Rac8 17. Ng5 Nxd4+ 18. Ke1 Ne6 19. Nxe6 Bxe6 20. Bxe6 Rxc1+ 21. Bxc1 Bc3+ 22. Ke2 fxe6 23. b5 axb5 24. Rd1 Rd6 25. e4 b4 26. Rd3 e5 27. g4 Kf7 28. g5 Rd4 29. f3 Ke6 30. Be3 Rc4 31. Rd5 b3 32. Rb5 Rb4 33. Rxb4 Bxb4 34. Kd3 b2 35. Kc2 Bc3 36. Bc5 0-1